 Dungeon Crawl Stone Soup version 0.23-a0-831-g5da158a (webtiles) character file.

182 TheStork the Cudgeler (level 5, -2/53 HPs)
             Began as a Troll Berserker on Jan 24, 2019.
             Was a Believer of Trog.
             Succumbed to a scorpion's poison
             ... on level 4 of the Dungeon.
             The game lasted 00:03:10 (1838 turns).

TheStork the Cudgeler (Troll Berserker)             Turns: 1838, Time: 00:03:10

Health: -2/53      AC:  6    Str: 25    XL:     5   Next: 34%
Magic:  4/4        EV: 11    Int:  4    God:    Trog [**....]
Gold:   159        SH:  0    Dex:  9    Spells: 4/4 levels left

rFire    . . .     SeeInvis .   a - +0 mace
rCold    . . .     Gourm    +   (no shield)
rNeg     . . .     Faith    .   b - +0 animal skin
rPois    .         Spirit   .   (helmet restricted)
rElec    .         Reflect  .   (no cloak)
rCorr    .         Harm     .   (gloves unavailable)
MR       .....                  (boots unavailable)
Stlth    +.........             (no amulet)
HPRegen  0.57/turn              (no ring)
MPRegen  0.09/turn              (no ring)

@: lethally poisoned (-2 -> -11)
A: large, unfitting armour, claws 3, fast metabolism 3, gourmand, regeneration
1, shaggy fur 1, tough skin 3
a: Berserk, Trog's Hand, Renounce Religion


You were on level 4 of the Dungeon.
You worshipped Trog.
Trog was pleased with you.
You were completely stuffed.

You visited 1 branch of the dungeon, and saw 4 of its levels.

You collected 159 gold pieces.

Inventory:

Hand Weapons
 a - a +0 mace (weapon)
Armour
 b - a +0 animal skin (worn)
Jewellery
 h - an uncursed ring of poison resistance {unknown}
 q - an uncursed ring of poison resistance {unknown}
 v - an uncursed amulet of guardian spirit {unknown}
 w - an uncursed ring of poison resistance {unknown}
Wands
 t - a wand of digging (4)
Scrolls
 f - a scroll of remove curse {unknown}
 g - a scroll of random uselessness {unknown}
 j - 4 scrolls of teleportation {unknown}
 k - 2 scrolls of noise {unknown}
 m - a scroll of amnesia {unknown}
 n - a scroll of magic mapping {unknown}
 o - 2 scrolls of identify {unknown}
 p - a scroll of enchant armour {unknown}
Potions
 d - a potion of agility {unknown}
 e - a potion of lignification {unknown}
 i - a potion of invisibility {unknown}
 l - 5 potions of curing {unknown}
 r - a potion of berserk rage {unknown}
 s - a potion of cancellation {unknown}
Comestibles
 c - 6 rations
 u - 3 chunks of flesh


   Skills:
 + Level 3.5 Fighting
 + Level 3.8 Maces & Flails
 + Level 3.5 Dodging


You had 4 spell levels left.
You didn't know any spells.
Your spell library was empty.

Dungeon Overview and Level Annotations

Branches:
Dungeon (4/15)
 Temple: D:4-7

Altars:
Hepliaklqana
Makhleb
Xom
Yredelemnul
The Shining One


Innate Abilities, Weirdness & Mutations

You are too large for most types of armour.
You have claws for hands.
Your metabolism is lightning-fast.
You like to eat raw meat.
Your natural rate of healing is unusually fast.
You are covered in fur. (AC +1)
You have extremely tough skin. (AC +3)


Message History

You feel sick. The scorpion barely misses you.
You feel sick.
You feel sick.
An adder comes into view.
You feel sick.
You feel sick.
You sock the scorpion!
The scorpion is heavily wounded.
You feel sick. The scorpion stings you.
* * * LOW HITPOINT WARNING * * *
You are lethally poisoned!
The scorpion poisons you!
You hit the scorpion but do no damage.
The scorpion is heavily wounded.
* * * LOW HITPOINT WARNING * * *
You feel sick. The scorpion stings you.
* * * LOW HITPOINT WARNING * * *
You closely miss the scorpion.
The scorpion is heavily wounded.
You die...

#..#..######..##
#....#.<#.#....
#..............
##.#.(.........
# ##..........
###.#...........
#...............
##.....s........
###...@...#...(
#...#...##...
#### #..# ..
.... ......
#..... ##... #..


You could see a scorpion.

Vanquished Creatures
  3 hounds
  Ijyb (D:3)
  An ooze (D:1)
  2 dart slugs (D:2)
  3 leopard geckos
  An orc (D:2)
  5 bats
  3 giant cockroaches
  7 goblins
  6 hobgoblins
  4 quokkas
  4 frilled lizards
  5 kobolds
  8 rats
53 creatures vanquished.

Notes
Turn   | Place    | Note
-------+----------+-------------------------------------------
     0 | D:1      | TheStork the Troll Berserker began the quest for the Orb.
     0 | D:1      | Reached XP level 1. HP: 22/22 MP: 0/0
   174 | D:1      | Reached XP level 2. HP: 24/29 MP: 1/1
   766 | D:2      | Found a glowing golden altar of the Shining One.
   768 | D:2      | Noticed an angel
   798 | D:2      | Found a basalt altar of Yredelemnul.
   877 | D:2      | Reached XP level 3. HP: 36/36 MP: 2/2
   886 | D:2      | Found a shimmering altar of Xom.
   939 | D:2      | Found a faded altar of an unknown god.
  1060 | D:2      | Found a hazy altar of Hepliaklqana.
  1177 | D:3      | Reached ** piety under Trog
  1203 | D:3      | Noticed Ijyb
  1222 | D:3      | Killed Ijyb
  1222 | D:3      | Reached XP level 4. HP: 20/45 MP: 3/3
  1304 | D:3      | Found a burning altar of Makhleb.
  1504 | D:3      | Reached XP level 5. HP: 36/53 MP: 4/4
  1837 | D:4      | HP: 1/53 [scorpion (6)]
  1838 | D:4      | Succumbed to a scorpion's poison

Vault maps used:
D:1:      matt_arrival_refuge
D:2:      grunt_temple_overflow_holy_war, old_standard_altar, marbit_many_paths,
          chequers_ecumenical_altar_simple_redux, first_ration
D:3:      makhleb_blood_cavern_becter, uniq_ijyb
D:4:      lemuel_temple_firewalk_a, hangedman_decor_slide_cut,
          minmay_statues_item, grunt_decor_one_mirror, sigmund_edmund_badplayer

Skill      XL: |  1  2  3 |
---------------+----------+-----
Maces & Flails | 3 |  3.8
Fighting       | 3 |  3.5
Dodging        | 3 |  3.5

Action                   |  1- 3 |  4- 6 || total
-------------------------+-------+-------++-------
Melee: Mace              |   135 |    69 ||   204
  Eat: Chunk             |    14 |     9 ||    23
Armor: Animal skin       |    94 |    41 ||   135
Dodge: Dodged            |   101 |    42 ||   143

Table legend:
 A = Non-vault XP
 B = Vault XP
 C = Vault XP percentage of total XP
 D = Non-vault monster count
 E = Vault monster count
 F = Vault count percentage of total count
                 A         B        C        D         E       F
            +---------+---------+-------+---------+---------+-------
      Total |     180 |      80 |  30.8 |      50 |       3 |   5.7
            +---------+---------+-------+---------+---------+-------
        D:1 |      29 |       0 |   0.0 |      14 |       0 |   0.0
        D:2 |      29 |       2 |   6.5 |      14 |       1 |   6.7
        D:3 |      77 |      78 |  50.3 |      21 |       2 |   8.7
        D:4 |      45 |       0 |   0.0 |       1 |       0 |   0.0
            +---------+---------+-------+---------+---------+-------
